[Event "TUR-ch Youth U14 2019"]
[Site "Belek"]
[Date "2019.01.22"]
[Round "5"]
[White "Eraslan, Yagmur"]
[Black "Ince, Safiye Oyku"]
[Result "1/2-1/2"]
[ECO "B84"]
[WhiteElo "1567"]
[BlackElo "1870"]
[Annotator "NA"]
[PlyCount "85"]
[EventDate "2019.01.20"]
[EventType "swiss"]
[EventCountry "TUR"]
[SourceTitle "playchess.com"]
[Source "ChessBase"]
[SourceQuality "1"]
[TimeControl "5400+30"]

1. e4 c5 2. Nf3 e6 3. d4 cxd4 4. Nxd4 Nc6 5. Nc3 Qc7 6. Be2 a6 7. O-O Nf6 8. Be3 Be7 9. f4 d6 10. Bf3 Nxd4 11. Qxd4 e5 12. Qd2 Bd7 13. Rad1 O-O 14. Nd5 Nxd5 15. exd5 Bf6 16. fxe5 Bxe5 17. c3 Qc4 18. Be2 Qh4 19. Bf4 Rae8 20. Rf2 f5 21. Rdf1 Qe7 22. Bd3 Bf6 23. Re2 Qd8 24. Kh1 Bc8 25. Be3 g6 26. c4 Be5 27. Bg5 Qb6 28. b4 Qd4 29. Rfe1 Bd7 30. Qc2 Qg4 31. Bd2 Qh4 32. Rxe5 Rxe5 33. Rxe5 dxe5 34. c5 Qf6 35. a4 f4 36. Be4 Bg4 37. Qd3 Bf5 38. d6 Bxe4 39. Qxe4 Qf5 40. Qxf5 gxf5 41. b5 axb5 42. axb5 Kf7 43. c6 1/2-1/2

[Event "TUR-ch Youth U14 2019"]
[Site "Belek"]
[Date "2019.01.22"]
[Round "5"]
[White "Genc, Ugur Can"]
[Black "Guler, Muhammed Talha"]
[Result "1-0"]
[ECO "C02"]
[WhiteElo "1532"]
[BlackElo "1816"]
[Annotator "NA"]
[PlyCount "59"]
[EventDate "2019.01.20"]
[EventType "swiss"]
[EventCountry "TUR"]
[SourceTitle "playchess.com"]
[Source "ChessBase"]
[SourceQuality "1"]
[TimeControl "5400+30"]

1. e4 e6 2. d4 d5 3. e5 c5 4. c3 Nc6 5. Nf3 Bd7 6. a3 Qb6 7. b4 cxd4 8. cxd4 Rc8 9. Be3 Nge7 10. Bd3 Nf5 11. O-O h5 12. h3 g6 13. Nbd2 Bh6 14. Bxh6 Rxh6 15. Bxf5 gxf5 16. Nb3 a5 17. bxa5 Nxa5 18. Qd2 Rg6 19. Nxa5 Ra8 20. Nxb7 Qxb7 21. Nh4 Rg8 22. Qh6 Qb3 23. Kh2 Qb2 24. Nf3 Bb5 25. Rab1 Qe2 26. Ng5 Bd3 27. Rb7 Qd2 28. Qxh5 Rf8 29. Nxe6 Be2 30. Qh4 1-0

[Event "TUR-ch Youth U14 2019"]
[Site "Belek"]
[Date "2019.01.22"]
[Round "5"]
[White "Cengel, Edibe Eylul"]
[Black "Tokat, Nehir"]
[Result "0-1"]
[ECO "B38"]
[WhiteElo "1359"]
[BlackElo "1665"]
[Annotator "NA"]
[PlyCount "84"]
[EventDate "2019.01.20"]
[EventType "swiss"]
[EventCountry "TUR"]
[SourceTitle "playchess.com"]
[Source "ChessBase"]
[SourceQuality "1"]
[TimeControl "5400+30"]

1. e4 c5 2. Nf3 g6 3. d4 cxd4 4. Nxd4 Bg7 5. c4 Nc6 6. Be3 Nf6 7. Nc3 O-O 8. Be2 d6 9. O-O Bd7 10. Qd2 Nxd4 11. Bxd4 Bc6 12. f3 a5 13. b3 Nd7 14. Be3 Nc5 15. Rab1 Be5 16. Bd1 e6 17. Bc2 Qe7 18. Ne2 Rfd8 19. Nd4 d5 20. Qf2 Bd6 21. Nxc6 bxc6 22. e5 Bxe5 23. Bxc5 Qf6 24. f4 Bc3 25. Rfd1 d4 26. Rd3 e5 27. fxe5 Qxe5 28. Ba3 c5 29. Bb2 Bxb2 30. Rxb2 Re8 31. Bd1 Kg7 32. Re2 Qg5 33. Rdd2 Re3 34. Rb2 Rae8 35. Rxe3 dxe3 36. Qf3 Qe5 37. Re2 Qa1 38. Re1 e2 39. Kf2 Qd4+ 40. Kg3 g5 41. Qh5 Re3+ 42. Kf2 Rh3+ 0-1

[Event "TUR-ch Youth U14 2019"]
[Site "Belek"]
[Date "2019.01.22"]
[Round "5"]
[White "Caglayan, Ezgisu"]
[Black "Yazici, Betul"]
[Result "1-0"]
[ECO "D00"]
[WhiteElo "1199"]
[BlackElo "1268"]
[Annotator "NA"]
[PlyCount "117"]
[EventDate "2019.01.20"]
[EventType "swiss"]
[EventCountry "TUR"]
[SourceTitle "playchess.com"]
[Source "ChessBase"]
[SourceQuality "1"]
[TimeControl "5400+30"]

1. d4 Nf6 2. f4 d5 3. e3 e6 4. Bd3 c5 5. c3 Nbd7 6. Nf3 Be7 7. Nbd2 b6 8. O-O Bb7 9. Ne5 O-O 10. Rf3 cxd4 11. exd4 Re8 12. Rh3 g6 13. Qf3 Bf8 14. Qg3 Bg7 15. Nxd7 Nxd7 16. Nf3 Nf8 17. Qf2 Bc8 18. Bb5 Bd7 19. Bxd7 Qxd7 20. Ne5 Qe7 21. g4 f6 22. Nf3 e5 23. fxe5 fxe5 24. dxe5 Bxe5 25. Bg5 Qc5 26. Be3 Qe7 27. Nxe5 Qxe5 28. Bd4 Qg5 29. Rg3 Ne6 30. Bf6 Qf4 31. Qxf4 Nxf4 32. Rf3 Ne6 33. Raf1 Nc5 34. Bg5 Rf8 35. Be7 Rxf3 36. Rxf3 Re8 37. Bxc5 bxc5 38. Kf2 Re6 39. Rf4 Kg7 40. g5 Rb6 41. b3 Rd6 42. Ke3 Re6+ 43. Kd3 Re5 44. h4 Rf5 45. Rxf5 gxf5 46. h5 Kf7 47. Ke3 Ke6 48. Kf4 a6 49. g6 hxg6 50. hxg6 Kf6 51. g7 Kxg7 52. Kxf5 Kf7 53. Ke5 d4 54. cxd4 cxd4 55. Kxd4 a5 56. Kc5 a4 57. bxa4 Ke7 58. Kb6 Kd8 59. Kb7 1-0

[Event "TUR-ch Youth U14 2019"]
[Site "Belek"]
[Date "2019.01.23"]
[Round "6"]
[White "Ince, Safiye Oyku"]
[Black "Kara, Gulce Nehir"]
[Result "1-0"]
[ECO "A07"]
[WhiteElo "1870"]
[BlackElo "1702"]
[Annotator "NA"]
[PlyCount "59"]
[EventDate "2019.01.20"]
[EventType "swiss"]
[EventCountry "TUR"]
[SourceTitle "playchess.com"]
[Source "ChessBase"]
[SourceQuality "1"]
[TimeControl "5400+30"]

1. Nf3 d5 2. b3 Bg4 3. Bb2 Nd7 4. g3 Ngf6 5. Bg2 c6 6. O-O Qc7 7. c4 e5 8. d3 Be7 9. Na3 O-O 10. Nc2 Rad8 11. Ne3 Bxf3 12. Bxf3 e4 13. dxe4 dxe4 14. Bg2 Bc5 15. Qc1 Qb6 16. Nf5 h6 17. Qf4 Rde8 18. Rad1 Re6 19. Nxg7 Kxg7 20. Rxd7 e3 21. f3 Rd8 22. Qg4+ Kf8 23. Rxd8+ Qxd8 24. Qh4 Kg7 25. Qg4+ Kf8 26. Qf5 Be7 27. Bc3 a6 28. Bh3 Bd6 29. Rd1 b6 30. Qd3 1-0

[Event "TUR-ch Youth U14 2019"]
[Site "Belek"]
[Date "2019.01.23"]
[Round "6"]
[White "Bicer, Atakan Mert"]
[Black "Ozcan, Ilker"]
[Result "0-1"]
[ECO "A36"]
[WhiteElo "1854"]
[BlackElo "1672"]
[Annotator "NA"]
[PlyCount "112"]
[EventDate "2019.01.20"]
[EventType "swiss"]
[EventCountry "TUR"]
[SourceTitle "playchess.com"]
[Source "ChessBase"]
[SourceQuality "1"]
[TimeControl "5400+30"]

1. c4 g6 2. Nc3 Bg7 3. g3 d6 4. Bg2 c5 5. e4 Nc6 6. Nge2 e6 7. d3 Nge7 8. O-O O-O 9. Rb1 Rb8 10. a3 Nd4 11. Be3 Nec6 12. b4 b6 13. Qd2 Bb7 14. f4 f5 15. Bxd4 Nxd4 16. Nxd4 Bxd4+ 17. Kh1 a6 18. Ne2 Qc7 19. Rfe1 Bg7 20. Rbc1 fxe4 21. dxe4 Rbd8 22. Red1 Bc6 23. Qe3 Rfe8 24. Qf3 Qf7 25. Ng1 h6 26. Qb3 Qb7 27. Re1 Qc7 28. Nf3 Kh7 29. Ng1 Re7 30. h4 Bf6 31. Rcd1 Rg7 32. Qd3 Kh8 33. Ne2 g5 34. hxg5 hxg5 35. f5 Rh7+ 36. Kg1 Be5 37. g4 exf5 38. gxf5 Rh2 39. Kf2 Qh7 40. Rh1 Qh4+ 41. Ng3 Bd4+ 42. Ke1 Rxh1+ 43. Bxh1 Qh2 44. Qf3 Re8 45. Qg2 Qh4 46. Kf1 Ba4 47. Rd2 Qf4+ 48. Ke2 Qe3+ 49. Kf1 Bb3 50. Qh2+ Kg8 51. Qh6 Bxc4+ 52. Kg2 Qxd2+ 53. Kh3 Bg7 54. Qh5 Bf7 55. Qf3 Qf4 56. Qd1 Be5 0-1

[Event "TUR-ch Youth U14 2019"]
[Site "Belek"]
[Date "2019.01.23"]
[Round "6"]
[White "Ozsac, Samet Harun"]
[Black "Uysal, Ugur"]
[Result "1-0"]
[ECO "B42"]
[WhiteElo "1743"]
[BlackElo "1585"]
[Annotator "NA"]
[PlyCount "53"]
[EventDate "2019.01.20"]
[EventType "swiss"]
[EventCountry "TUR"]
[SourceTitle "playchess.com"]
[Source "ChessBase"]
[SourceQuality "1"]
[TimeControl "5400+30"]

1. e4 c5 2. Nf3 e6 3. d4 cxd4 4. Nxd4 a6 5. Bd3 Bc5 6. Nb3 Be7 7. Qg4 g6 8. Qe2 d6 9. O-O Qc7 10. a4 b6 11. Na3 Bb7 12. Nc4 Nd7 13. Be3 Rc8 14. a5 b5 15. Nb6 Nxb6 16. axb6 Qd7 17. c4 b4 18. Qd2 Nf6 19. Qxb4 Nxe4 20. Bxe4 Bxe4 21. Rxa6 Bxg2 22. Ra7 Bb7 23. Na5 Rb8 24. Nxb7 Rxb7 25. Rxb7 Qxb7 26. Qb5+ Kf8 27. Bh6+ 1-0

[Event "TUR-ch Youth U14 2019"]
[Site "Belek"]
[Date "2019.01.23"]
[Round "6"]
[White "Tikvesli, Ceylin"]
[Black "Eraslan, Yagmur"]
[Result "1/2-1/2"]
[ECO "D11"]
[WhiteElo "1677"]
[BlackElo "1567"]
[Annotator "NA"]
[PlyCount "77"]
[EventDate "2019.01.20"]
[EventType "swiss"]
[EventCountry "TUR"]
[SourceTitle "playchess.com"]
[Source "ChessBase"]
[SourceQuality "1"]
[TimeControl "5400+30"]

1. d4 d5 2. c4 c6 3. Nf3 Nf6 4. g3 Bf5 5. Bg2 e6 6. O-O Be7 7. Nc3 O-O 8. Nd2 Nbd7 9. e4 dxe4 10. Ndxe4 Nxe4 11. Nxe4 Nf6 12. Nc3 Qd7 13. d5 exd5 14. cxd5 cxd5 15. Nxd5 Rad8 16. Nxe7+ Qxe7 17. Qe1 Rfe8 18. Qxe7 Rxe7 19. Bg5 h6 20. Bxf6 gxf6 21. Bf3 Rd3 22. Kg2 Bh3+ 23. Kxh3 Rxf3 24. Kg2 Rd3 25. Rfe1 Rxe1 26. Rxe1 Rd2 27. Rb1 b5 28. a3 a6 29. Kf3 Kg7 30. Ke3 Rc2 31. h3 Kg6 32. f4 h5 33. Kf3 Rh2 34. b4 Rc2 35. Rb3 Rd2 36. Ke4 Rh2 37. Kf3 Rd2 38. Ke4 Rh2 39. Kf3 1/2-1/2

[Event "TUR-ch Youth U14 2019"]
[Site "Belek"]
[Date "2019.01.23"]
[Round "6"]
[White "Bozyaka, Altug"]
[Black "Basara, Arda"]
[Result "0-1"]
[ECO "D14"]
[WhiteElo "1600"]
[BlackElo "1737"]
[Annotator "NA"]
[PlyCount "68"]
[EventDate "2019.01.20"]
[EventType "swiss"]
[EventCountry "TUR"]
[SourceTitle "playchess.com"]
[Source "ChessBase"]
[SourceQuality "1"]
[TimeControl "5400+30"]

1. d4 d5 2. c4 c6 3. cxd5 cxd5 4. Nf3 Nf6 5. Nc3 Nc6 6. Bf4 Bf5 7. Qb3 Qb6 8. Qxb6 axb6 9. e3 e6 10. Bb5 Nd7 11. Kd2 Be7 12. Rac1 O-O 13. h3 h6 14. g4 Bh7 15. g5 hxg5 16. Nxg5 Bf5 17. h4 f6 18. Nf3 Kf7 19. a3 Rh8 20. Bg3 g5 21. Ke2 Bg4 22. Rcg1 e5 23. Bxc6 bxc6 24. dxe5 fxe5 25. e4 d4 26. Nb1 d3+ 27. Kxd3 Bxf3 28. Rh3 Bg4 29. Rhh1 gxh4 30. Bh2 Bf3 31. Ke3 Bxh1 32. Rxh1 Bc5+ 33. Ke2 Ke6 34. Nc3 Raf8 0-1

[Event "TUR-ch Youth U14 2019"]
[Site "Belek"]
[Date "2019.01.23"]
[Round "6"]
[White "Cankurtaran, Merve"]
[Black "Caglayan, Ezgisu"]
[Result "0-1"]
[ECO "D02"]
[WhiteElo "1428"]
[BlackElo "1199"]
[Annotator "NA"]
[PlyCount "100"]
[EventDate "2019.01.20"]
[EventType "swiss"]
[EventCountry "TUR"]
[SourceTitle "playchess.com"]
[Source "ChessBase"]
[SourceQuality "1"]
[TimeControl "5400+30"]

1. d4 d5 2. Nf3 e6 3. Bg5 Nf6 4. c3 Be7 5. e3 a6 6. Bd3 Nbd7 7. Nbd2 b5 8. O-O Bb7 9. Ne5 Nxe5 10. dxe5 Ne4 11. Bxe7 Qxe7 12. Bxe4 dxe4 13. Qc2 Qg5 14. Nxe4 Qxe5 15. Ng3 h5 16. Rae1 h4 17. f4 Qd5 18. Nh1 h3 19. e4 Qxa2 20. Rf3 hxg2 21. Qxg2 O-O-O 22. Ng3 f5 23. Qe2 Kb8 24. c4 Qxc4 25. Qxc4 bxc4 26. Rc3 fxe4 27. Rxc4 Rd2 28. Re2 Rxe2 29. Nxe2 Rd8 30. Kf2 Rd2 31. b4 Rd3 32. Ng3 Rf3+ 33. Ke2 Rxf4 34. Ke3 Rh4 35. Nxe4 Rxe4+ 36. Rxe4 Bxe4 37. Kxe4 Kc8 38. Ke5 Kd7 39. h4 Ke7 40. h5 Kf7 41. Ke4 Kf6 42. Kf4 e5+ 43. Kg4 e4 44. h6 gxh6 45. Kf4 e3 46. Kxe3 Kf5 47. Kf3 h5 48. Ke3 h4 49. Kf3 h3 50. Kg3 h2 0-1

[Event "TUR-ch Youth U14 2019"]
[Site "Belek"]
[Date "2019.01.24"]
[Round "7"]
[White "Caberoglu, Arda"]
[Black "Bozyaka, Altug"]
[Result "1/2-1/2"]
[ECO "B52"]
[WhiteElo "1962"]
[BlackElo "1600"]
[Annotator "NA"]
[PlyCount "129"]
[EventDate "2019.01.20"]
[EventType "swiss"]
[EventCountry "TUR"]
[SourceTitle "playchess.com"]
[Source "ChessBase"]
[SourceQuality "1"]
[TimeControl "5400+30"]

1. e4 c5 2. Nf3 d6 3. Bb5+ Bd7 4. Bxd7+ Nxd7 5. O-O Ngf6 6. Re1 e6 7. c3 Be7 8. d4 O-O 9. Nbd2 Rc8 10. b3 Qc7 11. Ba3 a6 12. Qe2 cxd4 13. cxd4 Qa5 14. Bxd6 Bxd6 15. e5 Ne8 (15... Bb4 $17 16. exf6 Nxf6) 16. exd6 Nxd6 17. Ne4 Nf5 18. Rac1 Nb8 19. g4 Ne7 20. Neg5 Rxc1 21. Rxc1 Nbc6 22. Qd3 g6 23. Rc5 Qd8 24. h4 Qd6 25. Qd2 Rd8 26. Rc4 e5 27. Qe3 exd4 28. Qd2 b5 29. Rc1 Ne5 30. Qf4 Nxf3+ 31. Qxf3 Qd5 32. Qf6 Re8 33. Rc7 d3 34. Nf3 Qe6 35. Qd4 Nc6 36. Qxd3 Qxg4+ 37. Kf1 Qh3+ 38. Kg1 Qg4+ 39. Kf1 Qh3+ 40. Kg1 Rd8 41. Qe2 Qg4+ 42. Kf1 Ne5 43. Nxe5 Rd1+ 44. Qxd1 Qxd1+ 45. Kg2 Qd5+ 46. Nf3 Qd6 47. Rc3 Qd5 48. Re3 Kg7 49. a3 h6 50. b4 Kf6 51. Kf1 Qd1+ 52. Kg2 g5 53. hxg5+ hxg5 54. Nh2 Kg6 55. Nf1 Qd5+ 56. Kg1 f5 57. Rc3 g4 $19 58. Ne3 Qe4 59. Rc5 Kg5 60. Rxf5+ Qxf5 61. Nxf5 Kxf5 62. Kh2 Kg5 63. Kg3 Kf5 64. f4 gxf3 65. Kxf3 1/2-1/2

[Event "TUR-ch Youth U14 2019"]
[Site "Belek"]
[Date "2019.01.24"]
[Round "7"]
[White "Basara, Arda"]
[Black "Ozsac, Samet Harun"]
[Result "0-1"]
[ECO "B07"]
[WhiteElo "1737"]
[BlackElo "1743"]
[Annotator "NA"]
[PlyCount "90"]
[EventDate "2019.01.20"]
[EventType "swiss"]
[EventCountry "TUR"]
[SourceTitle "playchess.com"]
[Source "ChessBase"]
[SourceQuality "1"]
[TimeControl "5400+30"]

1. d4 Nf6 2. Nf3 g6 3. Nbd2 Bg7 4. e4 d6 5. Bd3 O-O 6. O-O Nbd7 7. Re1 e5 8. c3 b6 9. a4 a5 10. Bb5 Bb7 11. d5 Nb8 12. b4 axb4 13. cxb4 Ba6 14. Bb2 Nfd7 15. Qb3 Kh8 16. Rac1 f5 17. Rc3 Ra7 18. Rec1 Rf7 19. Qc2 Nf8 20. Qd3 f4 21. a5 bxa5 22. bxa5 Bxb5 23. Qxb5 Na6 24. Ba3 Qa8 25. Nc4 Rb7 26. Qc6 Qa7 27. Qe8 Rd7 28. Nxd6 cxd6 29. Rc8 Rbc7 30. Ng5 Rxc1+ 31. Bxc1 Nc5 32. Ra8 Qb7 33. h3 Qb1 34. Ne6 Qxc1+ 35. Kh2 Ncxe6 36. dxe6 f3 37. exd7 Qf4+ 38. g3 Qd2 39. Qxf8+ Bxf8 40. Rxf8+ Kg7 41. Rg8+ Kh6 42. h4 Qxf2+ 43. Kh3 Qg2+ 44. Kg4 Qe2 45. d8=B f2+ 0-1

[Event "TUR-ch Youth U14 2019"]
[Site "Belek"]
[Date "2019.01.24"]
[Round "7"]
[White "Kara, Gulce Nehir"]
[Black "Hafizoglu, Bengi"]
[Result "1-0"]
[ECO "B48"]
[WhiteElo "1702"]
[BlackElo "1711"]
[Annotator "NA"]
[PlyCount "85"]
[EventDate "2019.01.20"]
[EventType "swiss"]
[EventCountry "TUR"]
[SourceTitle "playchess.com"]
[Source "ChessBase"]
[SourceQuality "1"]
[TimeControl "5400+30"]

1. e4 c5 2. Nf3 e6 3. d4 cxd4 4. Nxd4 Nc6 5. Nc3 Qc7 6. Be3 a6 7. Qf3 Nf6 8. O-O-O Be7 9. Kb1 O-O 10. g4 b5 11. g5 Ne8 12. h4 Nxd4 13. Bxd4 b4 14. Ne2 Bb7 15. Qd3 e5 16. Be3 Nd6 17. Ng3 a5 18. Bc1 a4 19. f4 Ba6 20. Qf3 Rfc8 21. Rh2 Nc4 22. Nf5 Bc5 23. h5 Rf8 24. Qg4 Na3+ 25. Ka1 Bxf1 26. Rxf1 Bb6 27. g6 h6 28. gxf7+ Rxf7 29. Nxh6+ Kf8 30. Nxf7 Nxc2+ 31. Kb1 b3 32. a3 Qc4 33. Qe2 Qxe2 34. Rxe2 Kxf7 35. fxe5+ Ke6 36. Bf4 Rf8 37. Rg2 Ne3 38. Rg6+ Ke7 39. Bg5+ Ke8 40. Rxf8+ Kxf8 41. Rxb6 Nc4 42. Rb4 Nxe5 43. Rxa4 1-0

[Event "TUR-ch Youth U14 2019"]
[Site "Belek"]
[Date "2019.01.24"]
[Round "7"]
[White "Eraslan, Yagmur"]
[Black "Tokat, Nehir"]
[Result "1-0"]
[ECO "B40"]
[WhiteElo "1567"]
[BlackElo "1665"]
[Annotator "NA"]
[PlyCount "65"]
[EventDate "2019.01.20"]
[EventType "swiss"]
[EventCountry "TUR"]
[SourceTitle "playchess.com"]
[Source "ChessBase"]
[SourceQuality "1"]
[TimeControl "5400+30"]

1. e4 c5 2. Nf3 e6 3. d4 cxd4 4. Nxd4 Qb6 5. c3 Nc6 6. Nxc6 bxc6 7. Bd3 Bc5 8. O-O d5 9. e5 Qc7 10. Qh5 g6 11. Qe2 f6 12. exf6 Nxf6 13. Bh6 e5 14. Kh1 Ng4 15. Bf4 O-O 16. Bg3 Qb6 17. f3 Ne3 18. Re1 e4 19. fxe4 Bg4 20. Qd2 dxe4 21. Bxe4 Rad8 22. Qc1 Rd1 23. Rxd1 Nxd1 24. Bd3 Be3 25. Qc2 Qxb2 26. Qxb2 Nxb2 27. Ba6 c5 28. Na3 Rf6 29. Nc4 Rxa6 30. Nxe3 Be6 31. a3 c4 32. Nc2 Nd3 33. Bb8 1-0

[Event "TUR-ch Youth U14 2019"]
[Site "Belek"]
[Date "2019.01.24"]
[Round "7"]
[White "Oflaz, Avni"]
[Black "Kavri, Yusuf Eren"]
[Result "0-1"]
[ECO "E21"]
[WhiteElo "1372"]
[BlackElo "1761"]
[Annotator "NA"]
[PlyCount "79"]
[EventDate "2019.01.20"]
[EventType "swiss"]
[EventCountry "TUR"]
[SourceTitle "playchess.com"]
[Source "ChessBase"]
[SourceQuality "1"]
[TimeControl "5400+30"]

1. d4 Nf6 2. c4 e6 3. Nc3 Bb4 4. Bd2 b6 5. Nf3 Bb7 6. e3 O-O 7. Be2 Bxc3 8. Bxc3 Ne4 9. Rc1 d6 10. d5 e5 11. Bd3 Nxc3 12. Rxc3 f5 13. e4 f4 14. b4 Nd7 15. Qb3 Rb8 16. a3 Kh8 17. Ke2 Qe7 18. Rcc1 g5 19. h3 h6 20. Rcf1 Kg7 21. g4 fxg3 22. fxg3 Rf7 23. g4 Nf8 24. Ne1 Ng6 25. Ng2 Rbf8 26. Bc2 Bc8 27. Rxf7+ Qxf7 28. Qg3 c6 29. Bb1 b5 30. Ba2 cxd5 31. cxd5 Qc7 32. Bb3 a5 33. Qd3 Qf7 34. Qg3 Qc7 35. Qd3 Bd7 36. Rf1 Rxf1 37. Kxf1 Qc1+ 38. Bd1 axb4 39. axb4 Qb2 40. Bb3 0-1

[Event "TUR-ch Youth U14 2019"]
[Site "Belek"]
[Date "2019.01.24"]
[Round "7"]
[White "Caglayan, Ezgisu"]
[Black "Ince, Safiye Oyku"]
[Result "1/2-1/2"]
[ECO "A45"]
[WhiteElo "1199"]
[BlackElo "1870"]
[Annotator "NA"]
[PlyCount "60"]
[EventDate "2019.01.20"]
[EventType "swiss"]
[EventCountry "TUR"]
[SourceTitle "playchess.com"]
[Source "ChessBase"]
[SourceQuality "1"]
[TimeControl "5400+30"]

1. d4 Nf6 2. f4 g6 3. e3 Bg7 4. Nf3 d6 5. Bd3 O-O 6. O-O Nc6 7. e4 {[%emt 0:01:00] A45: Trompowsky Attack} Nb4 (7... e5 8. d5 Nb4 9. fxe5 dxe5 10. Be3 b6 11. Nc3 Ng4 12. Bg5 Qd6 13. Qe2 h6 14. Bd2 Nxd3 15. Qxd3 {1-0 (48) Gleizerov,E (2544)-Das,A (2404) Gurgon 2009}) 8. c3 $146 ({Predecessor:} 8. e5 dxe5 9. fxe5 Nfd5 10. Bc4 c5 11. c3 Nc6 12. dxc5 Be6 13. Qe2 Qc7 14. Re1 Na5 {½-½ (73) Tleptsok,R (2187)-Kakabayaev,M (2329) Moscow 2017}) 8... Nxd3 9. Qxd3 c5 10. dxc5 dxc5 11. Qxd8 Rxd8 12. e5 Nd5 13. Re1 Bh6 14. g3 Bg4 15. Nbd2 b5 16. Kf2 b4 17. c4 Nb6 18. b3 Rd3 19. Re3 Rxe3 20. Kxe3 f6 21. exf6 exf6 22. Kf2 Bg7 23. Bb2 Re8 24. Re1 Rxe1 25. Kxe1 Bf5 26. Ke2 Nc8 27. Ke3 Nd6 28. Ne1 $11 Kf7 29. Nd3 Bxd3 30. Kxd3 Ke6 1/2-1/2

[Event "TUR-ch Youth U14 2019"]
[Site "Belek"]
[Date "2019.01.25"]
[Round "9"]
[White "Ince, Safiye Oyku"]
[Black "Tanir, Simay"]
[Result "1-0"]
[ECO "A04"]
[WhiteElo "1870"]
[BlackElo "1333"]
[Annotator "NA"]
[PlyCount "73"]
[EventDate "2019.01.20"]
[EventType "swiss"]
[EventCountry "TUR"]
[SourceTitle "playchess.com"]
[Source "ChessBase"]
[SourceQuality "1"]
[TimeControl "5400+30"]

1. Nf3 e6 2. b3 f5 3. Bb2 d5 4. d3 Nf6 5. Nbd2 c5 6. g3 Nc6 7. Bg2 Bd6 8. O-O O-O 9. e4 d4 10. a3 (10. exf5 $14 exf5 11. Qc1) 10... f4 11. b4 cxb4 12. Nxd4 Nxd4 13. Bxd4 e5 14. Bb2 bxa3 15. Bxa3 Bxa3 16. Rxa3 g5 17. Nc4 Qe7 18. Ra5 Nd7 19. Qa1 f3 (19... b6 $16 20. Rxa7 Rxa7 21. Qxa7 Qc5 22. gxf4 gxf4) 20. Bh3 Qg7 21. Be6+ ({Don't take} 21. Rxa7 Rxa7 22. Be6+ Kh8 $18 23. Qxa7 b5 $18) 21... Kh8 22. Bxd7 Bxd7 23. Qxe5 Bh3 24. Qxg7+ Kxg7 25. Rb1 b6 26. Rxg5+ Kh6 27. Rbb5 Be6 $18 28. Rh5+ Kg6 29. Rbg5+ Kf6 30. e5+ Ke7 31. Rxh7+ Kd8 32. Na3 a5 33. Rb7 Ra6 34. Rg6 Kc8 35. Re7 Bh3 36. Rf6 Rd8 37. Rxf3 1-0

[Event "TUR-ch Youth U14 2019"]
[Site "Belek"]
[Date "2019.01.25"]
[Round "9"]
[White "Bicer, Atakan Mert"]
[Black "Basara, Arda"]
[Result "0-1"]
[ECO "D35"]
[WhiteElo "1854"]
[BlackElo "1737"]
[Annotator "NA"]
[PlyCount "157"]
[EventDate "2019.01.20"]
[EventType "swiss"]
[EventCountry "TUR"]
[SourceTitle "playchess.com"]
[Source "ChessBase"]
[SourceQuality "1"]
[TimeControl "5400+30"]

1. c4 c6 2. Nc3 d5 3. cxd5 cxd5 4. d4 Nf6 5. Nf3 e6 6. Bg5 Be7 7. e3 O-O 8. Bd3 h6 9. Bh4 Nbd7 10. O-O a6 {[%emt 0:03:30] LiveBook: 3 Games} 11. a4 b6 12. Qe2 Bb7 13. Rfc1 Ne4 14. Bxe7 Qxe7 15. Nd2 Nxd2 16. Qxd2 e5 17. Bf5 e4 18. a5 b5 19. Na2 g6 20. Bxd7 ({Better is} 20. Rc7 $16 gxf5 21. Rxb7) 20... Qxd7 21. Rc5 Rfc8 (21... f6 $14) 22. Nb4 Rxc5 (22... Qd8 $16) 23. dxc5 Bc6 24. Rd1 Qe6 25. Qd4 Bb7 26. Nxd5 Qxd5 27. Qxd5 Bxd5 28. Rxd5 b4 29. Kf1 Rb8 30. Rd6 Rb5 31. c6 Rc5 32. Ke1 Kf8 33. Kd2 (33. b3 $16) 33... b3 $1 34. Rd8+ Ke7 35. Rd7+ Ke6 36. Rb7 Rc2+ 37. Kd1 Rxc6 38. Rxb3 Kd5 39. Kd2 Rc5 40. Ra3 Rc4 (40... Rb5 $14) 41. b3 Rc5 42. Ra4 Kc6 43. Rxe4 Rxa5 44. Kc3 Ra2 {[%emt 0:00:24] [#]} (44... Kd7 $16 {was necessary.} 45. Ra4 Rc5+ 46. Kd3 a5) 45. Rf4 $1 f5 $11 46. Kc4 (46. Ra4 $18 Rxf2 47. Rxa6+ Kd5 48. Rxg6) 46... Rc2+ 47. Kd3 Rb2 48. Kc3 Re2 49. h3 h5 50. Kc4 Rc2+ 51. Kd4 Kd6 52. Kd3 Rb2 53. Kc3 Ra2 54. Rd4+ Kc5 55. Rd2 Ra1 56. h4 Rc1+ 57. Rc2 Rd1 58. Rd2 Rc1+ 59. Kb2 Rh1 60. g3 Rf1 61. Rc2+ Kd5 62. Kc3 Ke4 63. Kc4 Kf3 64. Kc5 Rxf2 65. Rxf2+ Kxf2 66. Kb6 Kxg3 67. Kxa6 Kxh4 68. b4 g5 69. b5 f4 70. b6 f3 71. b7 f2 72. b8=Q f1=Q+ 73. Ka7 Qa1+ 74. Kb7 Qb2+ 75. Kc8 Qxb8+ 76. Kxb8 Kg4 77. Kc7 Kf3 78. Kd6 Kxe3 79. Ke5 0-1

[Event "TUR-ch Youth U14 2019"]
[Site "Belek"]
[Date "2019.01.25"]
[Round "9"]
[White "Ozsac, Samet Harun"]
[Black "Kavri, Yusuf Eren"]
[Result "1/2-1/2"]
[ECO "C77"]
[WhiteElo "1743"]
[BlackElo "1761"]
[Annotator "NA RC"]
[PlyCount "112"]
[EventDate "2019.01.20"]
[EventType "swiss"]
[EventCountry "TUR"]
[SourceTitle "playchess.com"]
[Source "ChessBase"]
[SourceQuality "1"]
[TimeControl "5400+30"]

1. e4 e5 2. Nf3 Nc6 3. Bb5 a6 4. Ba4 Nf6 5. Nc3 b5 6. Bb3 Be7 7. d3 d6 8. a4 b4 9. Nd5 Bg4 10. a5 O-O 11. Be3 Nb8 12. Nxb4 c6 13. h3 Bxf3 14. Qxf3 d5 15. Bd2 dxe4 16. dxe4 Qd4 17. Nd3 Bd6 18. Ra4 Qa7 19. Be3 Qe7 20. Rc4 Rc8 21. Nc5 Nbd7 22. Nxd7 Nxd7 23. O-O Nc5 24. Bxc5 Bxc5 25. Rd1 Rd8 26. Rxd8+ Rxd8 27. Rc3 Rf8 28. Qe2 Qa7 29. Ba4 Rc8 30. Qf3 Bb4 31. Rxc6 Rxc6 32. Bxc6 Bxa5 33. Bd5 h6 34. Qf5 Qc7 35. c4 Bb4 36. Qg6 a5 37. Qa6 Qe7 38. Qc8+ Qf8 39. Qc7 Qe7 40. Qc8+ Qf8 41. Qb7 Qe7 42. Qb8+ Kh7 43. Qb6 g6 44. c5 Qxc5 45. Qf6 Qe7 46. Qxf7+ Qxf7 47. Bxf7 Kg7 48. Bd5 Kf6 49. Kf1 Bc5 50. g3 Bb4 51. Ke2 Bd6 52. Ke3 g5 53. Kf3 Bc5 54. b3 Bb6 55. h4 Bc5 56. hxg5+ hxg5 1/2-1/2

[Event "TUR-ch Youth U14 2019"]
[Site "Belek"]
[Date "2019.01.25"]
[Round "9"]
[White "Tikvesli, Ceylin"]
[Black "Kara, Gulce Nehir"]
[Result "0-1"]
[ECO "B42"]
[WhiteElo "1677"]
[BlackElo "1702"]
[Annotator "NA RC"]
[PlyCount "120"]
[EventDate "2019.01.20"]
[EventType "swiss"]
[EventCountry "TUR"]
[SourceTitle "playchess.com"]
[Source "ChessBase"]
[SourceQuality "1"]
[TimeControl "5400+30"]

1. e4 c5 2. Nf3 e6 3. d4 cxd4 4. Nxd4 a6 5. Bd3 Nf6 6. Qe2 d6 7. c4 Be7 8. Nc3 Qc7 9. O-O O-O 10. b3 b6 11. Bb2 Bb7 12. Rfe1 Nbd7 13. Rac1 Rac8 14. h3 Rfd8 15. Bb1 Qb8 16. a3 Bf8 17. Rcd1 g6 18. Nf3 Bg7 19. Nd2 Re8 20. Qf1 Rcd8 21. b4 Qc7 22. Nf3 Ne5 23. Nxe5 dxe5 24. Bd3 Nh5 25. g3 Kh8 26. Bc1 f5 27. Kh2 Nf6 28. f3 Rd7 29. g4 Red8 30. Be3 b5 31. Bc5 bxc4 32. Bxc4 fxe4 33. fxe4 Rxd1 34. Rxd1 Nxe4 35. Rxd8+ Qxd8 36. Nxe4 Bxe4 37. Bxa6 Bh6 38. Bf2 Bf4+ 39. Kg1 Qa8 40. Bc5 Qd5 41. Bc4 Qd2 42. Bf2 Bd5 43. Bd3 e4 44. Be2 e3 45. Be1 Qd4 46. Bg3 e5 47. Bxf4 exf4 48. Qc1 f3 49. Qc8+ Bg8 50. Qc2 fxe2 51. Qxe2 Bc4 52. Qe1 e2+ 53. Kg2 Kg8 54. b5 Qd1 55. Qa5 Bd5+ 56. Kf2 Qf1+ 57. Ke3 e1=Q+ 58. Qxe1 Qxe1+ 59. Kd4 Bg2 60. Kc5 Qe7+ 0-1